 Dungeon Crawl Stone Soup version 0.29-a0-914-g906f1d757c (webtiles) character file.

Game seed: 11680997412066678904

431 funkygono the Firebug (level 6, -1/32 HPs)
             Began as a Gargoyle Fire Elementalist on July 26, 2022.
             Slain by a wraith (9 damage)
             ... in an ossuary.
             The game lasted 00:08:15 (5095 turns).

funkygono the Firebug (Gargoyle Fire Elementalist)  Turns: 5095, Time: 00:08:45

Health: -1/32      AC: 11    Str: 11    XL:     6   Next: 99%
Magic:  4/12       EV: 12    Int: 18    God:
Gold:   190        SH:  0    Dex: 10    Spells: 3/13 levels left

rFire   + . .      SeeInvis .   f - +0 whip
rCold   . . .      Faith    .   (no shield)
rNeg    + . .      Spirit   .   a - +0 robe
rPois   ∞          Reflect  .   (no helmet)
rElec   +          Harm     .   h - +0 cloak
rCorr   .          Rampage  .   (no gloves)
Will    .....                   (no boots)
Stlth   ++........              (no amulet)
HPRegen 0.10/turn               d - ring of protection from fire
MPRegen 0.13/turn               j - +4 ring of protection

@: slowed, very slow
A: sickness immunity, AC +4, negative energy resistance 1, electricity
resistance, torment resistance 1, petrification resistance
a: no special abilities


You were in an ossuary.
You visited 1 branch of the dungeon, and saw 4 of its levels.
You also visited: Ossuary.

You collected 190 gold pieces.

Inventory:

Hand Weapons
 f - a +0 whip (weapon)
Armour
 a - a +0 robe (worn)
 h - a +0 cloak (worn)
 i - a +0 leather armour
Jewellery
 d - a ring of protection from fire (left hand)
 e - a ring of resist corrosion
 j - a +4 ring of protection (right hand)
Scrolls
 c - 2 scrolls of teleportation
 m - 2 scrolls of immolation {unknown}
 o - a scroll of amnesia {unknown}
 t - a scroll of enchant weapon {unknown}
Potions
 b - a potion of magic
 g - a potion of attraction
 k - a potion of haste {unknown}
 l - 4 potions of curing
 n - 2 potions of heal wounds {unknown}
 p - a potion of berserk rage {unknown}
 q - a potion of might {unknown}
 r - a potion of ambrosia {unknown}
 s - 2 potions of mutation {unknown}
 u - a potion of invisibility {unknown}


   Skills:
 + Level 0.4 Maces & Flails
 + Level 1.8 Dodging
 - Level 2.1 Stealth
 + Level 4.0 Spellcasting
 + Level 3.3 Conjurations
 + Level 5.5 Fire Magic


You had 3 spell levels left.
You knew the following spells:

 Your Spells              Type           Power      Damage    Failure   Level
a - Foxfire               Conj/Fire      76%        2x1d7     2%          1
b - Scorch                Fire           46%        2d7       2%          2
c - Conjure Flame         Conj/Fire      19%        6-21      7%          3
d - Flame Wave            Conj/Fire      19%        2d6       24%         4

Your spell library contained the following spells:

 Spells                   Type           Power      Damage    Failure   Level
 Inner Flame              Hex/Fire       13%        N/A       14%         3
 Ensorcelled Hibernation  Hex/Ice        6%         N/A       22%         2
 Passwall                 Tmut/Erth      2%         N/A       22%         2
 Swiftness                Air            3%         N/A       41%         3


Dungeon Overview and Level Annotations

Branches:
Dungeon (4/15)            Ossuary (1/1)
 Temple: D:4-7

Altars:
Dithmenos
Elyvilon

Annotations:
D:3 3 runed translucent doors, Tenar's ghost, weakling DsEE


Innate Abilities, Weirdness & Mutations

You are immune to sickness and miasma.
Your stone body is resilient. (AC +4)
You are immune to poison.
You resist negative energy. (rN+)
You are resistant to electric shocks. (rElec)
You are resistant to unholy torment.
You are immune to petrification.


Message History

The wraith hits you but does no damage. The wraith hits you.
* * * LOW HITPOINT WARNING * * *
The wraith drains your vigour!
You feel as though you will be slow longer.
It was a potion of curing.
You feel better. The wraith hits you but does no damage.
Casting: Scorch (safe; 2% risk of failure)
Confirm with . or Enter, or press ? or * to list all spells.
You conjure some foxfire!
The wraith is no longer more vulnerable to fire.
The wraith hits you. The wraith hits you but does no damage.
Casting: Foxfire (safe; 2% risk of failure)
Confirm with . or Enter, or press ? or * to list all spells.
You conjure some foxfire!
The foxfire hits the wraith but does no damage.
The wraith is lightly damaged.
The foxfire hits the wraith but does no damage.
The wraith is lightly damaged.
The wraith hits you.
* * * LOW HITPOINT WARNING * * *
The wraith drains your vigour!
You feel as though you will be slow longer.
Casting: Foxfire (safe; 2% risk of failure)
Confirm with . or Enter, or press ? or * to list all spells.
You conjure some foxfire!
The foxfire hits the wraith but does no damage.
The wraith is lightly damaged.
The foxfire hits the wraith.
The wraith is moderately damaged.
The wraith barely misses you. The wraith hits you.
* * * LOW HITPOINT WARNING * * *
The wraith drains your vigour!
You feel as though you will be slow longer.
You feel better.
The foxfire hits the wraith but does no damage.
The wraith is moderately damaged.
The foxfire hits the wraith but does no damage.
The wraith is moderately damaged.
The wraith hits you!
You die...

###..####.....####..####..'...∩..
.'...#.'...8...'.#...'.#..'......
###..####.....####..####..'...∩..
..........................##.....
..........#.#.............###...#
###.......#'#.......####..# ##.##
.'....8...#.#...8....'.#..# ###
###.......###..§§§..####..# #W#
..............§.@.........# ###
.....#.#..#.#..#W#........#
###..#'#..#'#..#'#..####..#
.'...#.#..#.#..#"#...'.#..#
###..###..###..###..####..#
..........................#
..........................#
###########################


You could see a wraith.

Vanquished Creatures
  An ogre (D:3)
  An elf zombie (Ossuary)
  A human zombie (Ossuary)
  An orc priest (D:4)
  An iguana (D:4)
  4 mummies
  7 adders
  A dart slug (D:4)
  3 orcs
  5 bats
  4 endoplasms
  3 giant cockroaches
  2 gnoll zombies (Ossuary)
  8 goblins
  11 hobgoblins
  4 quokkas
  4 ball pythons
  2 frilled lizards
  A goblin zombie (Ossuary)
  2 hobgoblin zombies (Ossuary)
  5 kobolds
  7 kobold zombies
  2 orc zombies
  9 rats
89 creatures vanquished.

Vanquished Creatures (others)
  348 foxfires
348 creatures vanquished.

Grand Total: 437 creatures vanquished

Notes
Turn   | Place    | Note
-------+----------+-------------------------------------------
     0 | D:1      | funkygono the Gargoyle Fire Elementalist began the quest
                  | for the Orb.
     0 | D:1      | Reached XP level 1. HP: 10/10 MP: 3/3
   271 | D:1      | Reached XP level 2. HP: 6/15 MP: 0/5
   274 | D:1      | Learned a level 2 spell: Scorch
  1040 | D:1      | Reached XP level 3. HP: 19/19 MP: 2/6
  1044 | D:1      | Learned a level 3 spell: Conjure Flame
  1490 | D:2      | Found a faded altar of an unknown god.
  1788 | D:2      | Reached XP level 4. HP: 24/24 MP: 5/8
  2151 | D:2      | Found a white marble altar of Elyvilon.
  2766 | D:3      | Found a runed translucent gate.
  2766 | D:3      | Found a runed translucent gate.
  2766 | D:3      | Found a runed translucent gate.
  2773 | D:3      | Noticed Tenar's ghost (weakling DsEE)
  3033 | D:3      | Reached skill level 4 in Fire Magic
  3204 | D:3      | Noticed an ogre
  3219 | D:3      | Killed an ogre
  3220 | D:3      | Reached XP level 5. HP: 28/28 MP: 1/9
  3311 | D:3      | Learned a level 4 spell: Flame Wave
  3828 | D:4      | Found a shadowy altar of Dithmenos.
  3854 | D:4      | Reached XP level 6. HP: 32/32 MP: 2/11
  4026 | D:4      | Reached skill level 5 in Fire Magic
  4142 | D:4      | Found a sand-covered staircase.
  4153 | Ossuary  | Entered an ossuary
  4153 | Ossuary  | Noticed a wraith
  4153 | Ossuary  | Noticed a wraith
  4153 | Ossuary  | Noticed a wraith
  5083 | Ossuary  | Noticed a wraith
  5095 | Ossuary  | Slain by a wraith

Illustrated notes

Levels and vault maps discovered:
D:1:      minmay_arrival_loop, layout_basic
D:2:      layout_basic, ebering_ecumenical_altar_box, basic_altar
D:3:      layout_loops_corners, ebering_ghost_rock_garden,
          kennysheep_generic_room_8
D:4:      layout_rooms, grunt_dithmenos_smoke_and_mirrors,
          mainiacjoe_overflow_24_doors, nicolae_ossuary_entry_giza,
          uniq_crazy_yiuf_cottage
Ossuary:  ossuary_kennysheep_city_of_the_dead

Skill      XL: |  1  2  3  4  5  6 |
---------------+-------------------+-----
Conjurations   | 3 |  3.3
Fire Magic     | 4 5 |  5.5
Spellcasting   | 3 4 |  4.0
Maces & Flails | |  0.4
Dodging        | |  1.8
Stealth        | |  2.1

Action                   |  1- 3 |  4- 6 || total
-------------------------+-------+-------++-------
Melee: Club              |    13 |       ||    13
       Whip              |     5 |    21 ||    26
 Cast: Foxfire           |    65 |   136 ||   201
       Scorch            |       |     7 ||     7
  Use: Scroll            |       |     6 ||     6
       Potion            |       |     2 ||     2
 Stab: Sleeping          |       |     1 ||     1
Armor: Robe              |    12 |    11 ||    23
Dodge: Dodged            |    25 |    15 ||    40

Table legend: (Time is in decaauts)
 A = Elapsed time spent in this place.
 B = Non-inter-level travel time spent in this place.
 C = Inter-level travel time spent in this place.
 D = Time resting spent in this place.
 E = Time spent auto-exploring this place.
 F = Levels seen in this place.
 G = Mean time per level.
                   A        B        C        D        E       F      G
               +--------+--------+--------+--------+--------+-----+--------+
         Total |   5102 |   4963 |    139 |    154 |   3920 |   5 | 1020.4 |
       Dungeon |   4155 |   4016 |    139 |    154 |   3173 |   4 | 1038.8 |
       Ossuary |    946 |    946 |      0 |      0 |    747 |   1 |  946.0 |
               +--------+--------+--------+--------+--------+-----+--------+

Top non-repeatable levels by time:
     D:1: 1420 daAuts
     D:2: 1161 daAuts
     D:3: 1157 daAuts
 Ossuary: 946 daAuts
     D:4: 416 daAuts
